 Dungeon Crawl Stone Soup version 0.21-a0-143-g1ab7d47 (webtiles) character file.

57 nubinia the Magician (level 3, 0/16 HPs)
             Began as a Spriggan Earth Elementalist on July 25, 2017.
             Slain by Crazy Yiuf
             ... wielding a +3 quarterstaff of chaos
              (4 damage)
             ... on level 2 of the Dungeon.
             The game lasted 00:06:13 (2022 turns).

nubinia the Magician (Spriggan Earth Elementalist)  Turns: 2022, Time: 00:06:15

Health: 0/16       AC:  2    Str:  4    XL:     3   Next: 73%
Magic:  0/9        EV: 18    Int: 17    God:
Gold:   124        SH:  0    Dex: 16    Spells: 7/10 levels left

rFire    . . .     SeeInvis +   j - +0 dagger
rCold    . . .     Gourm    .   (shield restricted)
rNeg     . . .     Faith    .   c - +0 robe
rPois    .         Spirit   .   (helmet restricted)
rElec    .         Reflect  .   (no cloak)
rCorr    .         Harm     .   (gloves unavailable)
MR       .....                  (boots unavailable)
Stlth    ++........             (no amulet)
HPRegen  0.05/turn              (no ring)
MPRegen  0.11/turn              (no ring)

@: very quick
A: unfitting armour, see invisible, herbivore 3, speed 3, slow metabolism 2
a: no special abilities


You were on level 2 of the Dungeon.
You were not hungry.

You visited 1 branch of the dungeon, and saw 2 of its levels.

You collected 124 gold pieces.

Inventory:

Hand Weapons
 j - a +0 dagger (weapon)
 k - a -1 dagger
Missiles
 b - 67 stones (quivered)
Armour
 c - a +0 robe (worn)
 g - a +0 buckler
Scrolls
 a - 4 scrolls of identify
 h - 2 scrolls of amnesia
 p - a scroll of immolation {unknown}
Potions
 f - a potion of curing {unknown}
 i - a potion of lignification
 m - a potion of might {unknown}
 n - a potion of brilliance
Books
 e - a book of Geomancy

   Spells                             Type                      Level
   a - Sandblast                      Earth                        1
   b - Passwall                       Transmutation/Earth          2
   c - Stone Arrow                    Conjuration/Earth            3
   d - Petrify                        Transmutation/Earth          4
   e - Lee's Rapid Deconstruction     Earth                        5
 o - a book of Conjurations

   Spells                             Type                      Level
   a - Magic Dart                     Conjuration                  1
   b - Searing Ray                    Conjuration                  2
   c - Dazzling Spray                 Conjuration/Hexes            3
   d - Fulminant Prism                Conjuration/Hexes            4
   e - Force Lance                    Conjuration/Translocation    4
   f - Iskenderun's Mystic Blast      Conjuration                  4
Comestibles
 d - 3 bread rations
 l - 3 fruits


   Skills:
 + Level 0.4 Short Blades
 + Level 3.1 Dodging
 + Level 3.3 Stealth
 + Level 4.2 Spellcasting
 + Level 1.3 Transmutations
 + Level 3.2 Earth Magic


You had 7 spell levels left.
You knew the following spells:

 Your Spells              Type           Power        Failure   Level  Hunger
a - Sandblast             Erth           ##....       4%          1    None
p - Passwall              Tmut/Erth      ##........   9%          2    ##.....


Dungeon Overview and Level Annotations

Branches:
Dungeon (2/15)

Altars:

Annotations:
D:2 Crazy Yiuf


Innate Abilities, Weirdness & Mutations

You are very small and have problems with some larger weapons.
You are too small for most types of armour.
You have supernaturally acute eyesight. (SInv)
You are a herbivore.
You cover ground extremely quickly.
You need consume almost no food.


Message History

Aim: Crazy Yiuf, wielding a quarterstaff of chaos and wearing an embroidered cloak (severely wounded)
The blast of sand hits Crazy Yiuf.
Crazy Yiuf is severely wounded.
b - 68 stones Unknown command.
Unknown command.
Unknown command.
Casting: Sandblast
Confirm with . or Enter, or press ? or * to list all spells.
Aiming: Sandblast
Press: ? - help, Shift-Dir - straight line, f/p - Crazy Yiuf
Aim: Crazy Yiuf, wielding a quarterstaff of chaos and wearing an embroidered cloak (severely wounded)
The blast of sand hits Crazy Yiuf.
Crazy Yiuf is severely wounded.
b - 67 stones Crazy Yiuf hits you with a quarterstaff of chaos!
Ouch! That really hurt!
* * * LOW HITPOINT WARNING * * *
Crazy Yiuf freezes you.
You die...

♣♣.♣ #..##.# #.####.......
♣♣.♣♣ #..##.# #.# #...####
♣♣PP.♣ #.....# #.####...####
♣PP..♣ #.###.# #.#..........
#).).# ####.###.# #.#..........
#.g..# #........# #.#..#.#.##..
#...## #........# #.#..#.#.##.#
##.#####........###.#..#.#.##.#
#...........g@............##)#
#######........###............
#.......................
#..<....#####.#.######.#
######### #..........#
###......... ##########


You could see Crazy Yiuf.

Vanquished Creatures
  A worker ant (D:2)
  2 worms (D:2)
  4 giant cockroaches
  4 goblins
  3 hobgoblins
  2 jackals (D:2)
  A ball python (D:1)
  7 bats
  A kobold (D:2)
  3 rats
28 creatures vanquished.

Notes
Turn   | Place    | Note
-------+----------+-------------------------------------------
     0 | D:1      | nubinia the Spriggan Earth Elementalist began the quest for the Orb.
     0 | D:1      | Reached XP level 1. HP: 9/9 MP: 5/5
   535 | D:1      | Reached skill level 3 in Spellcasting
   844 | D:1      | Reached XP level 2. HP: 13/13 MP: 7/7
   849 | D:1      | Learned a level 2 spell: Passwall
  1529 | D:2      | Reached skill level 4 in Spellcasting
  1529 | D:2      | Reached XP level 3. HP: 13/16 MP: 4/9
  1982 | D:2      | Found a runed door.
  1986 | D:2      | Noticed Crazy Yiuf
  2022 | D:2      | Slain by Crazy Yiuf

Vault maps used:
D:1:      eino_arrival_tree_alley
D:2:      uniq_crazy_yiuf_cottage

Skill      XL: |  1  2 |
---------------+-------+-----
Spellcasting   | 3 4 |  4.2
Earth Magic    | 3 |  3.2
Short Blades   | |  0.4
Dodging        | |  3.1
Stealth        | |  3.3
Transmutations | |  1.3

Action                   || total
-------------------------++-------
Melee: Dagger            ||    54
 Cast: Sandblast         ||    48
  Use: Scroll            ||     7
 Stab: Sleeping          ||     5
Armor: Robe              ||    12
Dodge: Dodged            ||    59
